 Dungeon Crawl Stone Soup version 0.16-b1 (console) character file.

372292 mauris the Warrior (level 22, -1/133 HPs)
             Began as a Vine Stalker Venom Mage on Mar 13, 2015.
             Was the Champion of Trog.
             Succumbed to a spriggan rider's poison
             ... on level 2 of the Depths on Mar 14, 2015.
             The game lasted 02:15:38 (43941 turns).

mauris the Warrior (Vine Stalker Venom Mage)       Turns: 43941, Time: 02:15:38

Health: -1/133     AC: 39    Str: 21    XL:     22   Next: 69%
Magic:  30/46      EV:  9    Int: 15    God:    Trog [******]
Gold:   2654       SH:  0    Dex: 18    Spells: 0 memorised, 25 levels left

rFire  . . .     SeeInvis .     Q - +11 glaive {flame, rElec rN+ Stlth+}
rCold  . . .     Clarity  +     b - +7 plate armour of the Four Wonders {rElec Regen+ MP+9 Slay+2, 10}
rNeg   + . .     SustAb   .     (no shield)
rPois  .         Gourm    .     X - +1 hat
rElec  +         Spirit   +     l - +2 cloak {hi}
rCorr  .         Warding  .     T - +2 pair of gloves {Str+3}
rMut   .         Stasis   .     H - +0 pair of boots
MR     ++...                    z - amulet of clarity
Stlth  ..........               r - ring of magical power
                                C - +4 ring of protection

@: lethally poisoned (-1 -> -32), exhausted, slowed, very slow, very resistant
to hostile enchantments, extremely unstealthy
A: fangs 3, breathe flames 2, regeneration 3, magic shield, antimagic bite, no
device heal 3, rot immunity
a: Burn Spellbooks, Berserk, Trog's Hand, Brothers in Arms, Renounce Religion,
Breathe Fire
}: 2/15 runes: decaying, serpentine


You were on level 2 of the Depths.
You worshipped Trog.
Trog was exalted by your worship.
You were very hungry.

You visited 8 branches of the dungeon, and saw 44 of its levels.
You also visited: Sewer and Wizlab.

You collected 4798 gold pieces.
You spent 2144 gold pieces at shops.

Inventory:

Hand weapons
 Q - the +11 glaive of Res Nullius (weapon) {flame, rElec rN+ Stlth+}
   (Trog gifted it to you on level 4 of the Lair of Beasts)

   It has been specially enchanted to burn those struck by it, causing extra
   injury to most foes and up to half again as much damage against particularly
   susceptible opponents.
   Big, fiery blades are also staple armaments of hydra-hunters.
   It insulates you from electricity.
   It protects you from negative energy.
   It makes you more stealthy.
Missiles
 w - 5 tomahawks of dispersal (quivered) {!f}
 N - 7 tomahawks of returning
Armour
 b - the +7 plate armour of the Four Wonders (worn) {rElec Regen+ MP+9 Slay+2, 10}
   (You bought it in a shop on level 4 of the Orcish Mines)

   It affects your accuracy and damage with ranged weapons and melee attacks
   (+2).
   It insulates you from electricity.
   It affects your magic capacity (+9).
   It increases your rate of regeneration.
 l - a +2 cloak (worn) {hi}
 H - a +0 pair of boots (worn)
 T - a +2 pair of gloves of strength (worn)
 X - a +1 hat (worn)
Jewellery
 j - an uncursed amulet of regeneration
 r - a ring of magical power (right hand)
 t - an uncursed ring of see invisible
 y - the amulet "Ymnulauch" {Stasis +Inv rElec Int-3 Dex+3}
   (You found it on level 7 of the Lair of Beasts)

   [amulet of stasis]

   It prevents you from being teleported, slowed, hasted or paralysed.
   It affects your intelligence (-3).
   It affects your dexterity (+3).
   It insulates you from electricity.
   It lets you turn invisible.
 z - an amulet of clarity (around neck)
 C - a +4 ring of protection (left hand)
 F - an uncursed ring of poison resistance
 G - an uncursed ring of protection from fire
 M - an uncursed amulet of resist mutation
Magical devices
 K - a wand of fire (8) {15}
 R - a wand of disintegration (4) {24}
 S - a wand of teleportation (4) {@v49}
Scrolls
 a - 14 scrolls of remove curse
 e - 3 scrolls of blinking
 h - 15 scrolls of teleportation {@r4}
 k - 13 scrolls of identify {@r1}
 p - 6 scrolls of enchant armour
 q - a scroll of summoning
 u - 5 scrolls of fear
 v - 5 scrolls of fog
 I - 7 scrolls of magic mapping
 P - 6 scrolls of recharging
 U - 8 scrolls of enchant weapon
Potions
 f - 4 potions of agility
 g - 4 potions of cancellation
 m - 9 potions of curing {@q1}
 n - 2 potions of magic
 o - 7 potions of brilliance
 s - 9 potions of restore abilities
 x - a potion of lignification {!q}
 A - 4 potions of cure mutation
 E - 11 potions of might
 Y - 2 potions of resistance
 Z - 4 potions of haste {@q3}
Comestibles
 c - 18 bread rations
 d - 15 meat rations
 i - 37 fruits
 D - 12 slices of pizza


   Skills:
 + Level 20.1 Fighting
 + Level 20.1 Polearms
 + Level 18.6 Armour
 - Level 3.1 Dodging
 - Level 2.4 Stealth
 - Level 2.1 Spellcasting
   Level 4.0 Poison Magic


You had 25 spell levels left.
You didn't know any spells.

Dungeon Overview and Level Annotations

Branches:
Dungeon (15/15) Temple (1/1) D:6 Lair (8/8) D:11 Swamp (5/5) Lair:5 Snake (5/5) Lair:4 Slime (0/6) Lair:6 Lair:8 Orc (4/4) D:12 Elf (0/3) Orc:3 Vaults (4/5) D:13 Crypt (0/3) Vaults:2 Depths (2/5) D:15

Altars:
Ashenzari
Cheibriados
Dithmenos
Elyvilon
Fedhas
Gozag
Kikubaaqudgha
Makhleb
Nemelex Xobeh
Okawaru
Qazlal
Ru
Sif Muna
Trog
Vehumet
Xom
Yredelemnul
Zin
The Shining One
Beogh
Jiyva

Shops:
D:6 *   Orc:2 *   Orc:4 :%[?   Vaults:2 [   Vaults:3 :

Portals:
Hell: Depths:1 Depths:2
Abyss: Depths:1
Pandemonium: Orc:4
Trove: D:14 (give +3 ice dragon armour)

Annotations:
D:3 stickyfingers' ghost, average DgAs
Lair:8 exclusion: oklob plant
Swamp:2 exclusion: Roxanne, Roxanne
Snake:3 vashnia!, Saint Roka; Vashnia
Orc:4 2 exclusions


Innate Abilities, Weirdness & Mutations

You have razor-sharp teeth.
You regenerate.
When hurt, damage is shared between your health and your magic reserves.
Your bite disrupts and absorbs the magic of your enemies.
Potions and wands cannot restore your health.
You are immune to rotting.
You can breathe fire.


Message History

You reach to attack!
You miss the spriggan rider.
The spriggan rider is heavily wounded.
* * * LOW HITPOINT WARNING * * *
You feel very sick.
The spriggan rider hits you but does no damage.
Huge Dmg: -1%(-2hp) hp: 3%(4hp)
You are too berserk!
Unknown command.
You are too berserk!
Unknown command.
Unknown command.
* * * LOW HITPOINT WARNING * * *
You feel very sick.
Huge Dmg: -1%(-2hp) hp: 2%(2hp)
You feel a strong urge to attack something.
You are no longer berserk.
You are exhausted.
You feel yourself slow down.
You are feeling very hungry.
You die...

..#.}#..''...###''..#'....##
(.(.....#..)..###....'#....#
''#######......##.....#....#
...##...###...).##....##.'###
...''.Y...##...(.#..~~.##'..#
...''.....###%ii.##..~.#....##
...##....''##(....#..}.##....#
#########('(((..(###.~~.#....#
##(.[###@..#..~.#.~..#
#.((.#....#....#.~..#
#.8..#....#....#.0..#
#..J.#.~..#....#.00.#
##''##..~.######0~..#
#''##..~.# #.~.># ....#.~..#
#....# ....#....# #.~..# .
...Y'Y #.~..#


You could see 2 spriggan riders.

Vanquished Creatures
  An ancient lich (WizLab)
  Sojobo (Vaults:2)
  the Lernaean hydra (Swamp:5)
  A caustic shrike (Depths:1)
  Norris (Swamp:3)
  Mara (D:15)
  A golden dragon (Depths:2)
  A bone dragon (Vaults:2)
  Nikola (Swamp:5)
  A lich (Depths:2)
  A tentacled monstrosity (Vaults:2)
  2 titans
  2 sphinxes (Depths:2)
  3 tengu reavers
  A thorn hunter (Swamp:2)
  Rupert (Snake:1)
  Agnes (Depths:2)
  Kirke (Snake:2)
  An ancient champion (WizLab)
  A storm dragon (Depths:1)
  9 greater nagas
  A fire giant (Depths:1)
  Donald (Swamp:2)
  9 frost giants
  Wiglaf (Swamp:3)
  Aizul (Swamp:2)
  An emperor scorpion (Depths:1)
  6 vault wardens
  A spriggan defender (Depths:2)
  Jorgrun (Swamp:2)
  7 ironheart preservers
  The ghost of puimuR the Black Belt, a powerful DrTm of Makhleb (D:11)
  8 very ugly things
  11 stone giants
  4 dire elephants
  5 ettins
  Snorg (Orc:2)
  A minotaur (shapeshifter) (Depths:1)
  4 fire dragons
  2 crystal guardians
  2 minotaurs
  Josephine (Orc:2)
  6 vault guards
  2 yaktaur captains
  Fannar (Orc:4)
  4 great orbs of eyes
  Harold (D:11)
  A rakshasa (Depths:1)
  An ice dragon (shapeshifter) (Vaults:4)
  A spriggan air mage (Depths:2)
  18 naga warriors
  5 ice dragons
  18 hydras
  A ghost crab (Swamp:5)
  Erica (D:11)
  A catoblepas (Depths:2)
  5 deep troll earth magi
  16 anacondas
  7 ogre magi
  15 death yaks
  11 alligators
  A spriggan berserker (Depths:2)
  2 deep troll shamans
  A tengu warrior (D:14)
  10 naga sharpshooters
  4 shock serpents
  8 centaur warriors
  Urug (Swamp:1)
  A shock serpent (shapeshifter) (Depths:1)
  A soul eater (Orc:4)
  7 spriggans
  2 shadow wraiths (Vaults:4)
  7 hell knights (Depths:2)
  10 skeletal warriors
  4 salamander mystics
  2 fire crabs (Vaults:2)
  5 unseen horrors
  A spriggan druid (Swamp:4)
  26 deep trolls
  11 naga ritualists
  14 swamp dragons
  A fire crab (shapeshifter) (Vaults:4)
  Erolcha (D:10)
  A gelid demonspawn (Orc:4)
  A torturous demonspawn (Orc:4)
  A golden dragon skeleton (Depths:2)
  3 shambling mangroves
  A shadow dragon zombie (Depths:2)
  A flayed ghost (Depths:1)
  3 deep elf conjurers
  11 sea snakes
  11 hill giants
  2 tengu zombies (Vaults:1)
  10 orc knights
  11 ironbrand convokers
  4 necromancers
  4 orc sorcerers (Orc:4)
  6 griffons
  32 ugly things
  2 wolf spiders
  4 hornets
  20 salamanders
  4 cyclopes
  A salamander (shapeshifter) (D:13)
  15 mana vipers
  A phantasmal warrior (Vaults:3)
  A rust devil (Orc:4)
  9 elephants
  3 manticores
  9 guardian serpents
  34 black mambas
  2 stone giant skeletons
  A centaur zombie (D:14)
  8 vault sentinels
  14 naga magi
  A queen ant (Lair:1)
  A frost giant skeleton (Depths:2)
  17 spiny frogs
  2 torpor snails
  A gargoyle (D:15)
  24 yaktaurs
  5 kobold demonologists
  4 centaur skeletons
  An elf zombie (Depths:2)
  A death yak zombie (Depths:2)
  7 komodo dragons
  2 tengu conjurers
  2 guardian mummies (D:14)
  6 trolls
  A troll (shapeshifter) (Depths:2)
  A fire drake (Lair:4)
  A deep elf priest (Vaults:2)
  5 freezing wraiths
  4 polar bears
  18 baby alligators
  2 polar bears (shapeshifter)
  9 two-headed ogres
  Prince Ribbit (Lair:1)
  A blue devil (Orc:4)
  9 giant leeches
  15 ravens
  2 fire giant simulacra
  A two-headed ogre (shapeshifter) (Vaults:4)
  14 bog bodies
  2 centaur simulacra (D:13)
  8 boulder beetles
  24 slime creatures
  A boulder beetle (shapeshifter) (Depths:1)
  A blink frog (shapeshifter) (D:13)
  6 vampires
  3 redbacks (Vaults:1)
  2 trapdoor spiders
  A deep elf mage (D:11)
  A hog (Snake:3)
  2 wyverns
  3 basilisks
  15 blink frogs
  A hill giant zombie (WizLab)
  6 shadows
  A water elemental (D:13)
  3 air elementals
  3 wraiths
  A ynoxinul (Orc:4)
  61 yaks
  A hippogriff (shapeshifter) (Vaults:4)
  Eustachio (D:7)
  A fire elemental (Orc:1)
  A human (D:9)
  21 vampire mosquitoes
  4 deep elf fighters
  6 hippogriffs
  A steam dragon (D:12)
  2 hungry ghosts
  65 nagas
  25 wolves
  11 insubstantial wisps
  A torturous demonspawn zombie (Orc:4)
  Edmund (D:7)
  A gelid demonspawn zombie (Orc:4)
  22 swamp worms
  7 wargs
  7 soldier ants (Lair:1)
  8 ice beasts
  6 mottled dragons
  3 sky beasts
  5 porcupines
  A sky beast (shapeshifter) (Vaults:1)
  An eye of draining (D:14)
  15 swamp drakes
  32 ogres
  2 phantoms
  A necrophage (D:12)
  10 wasps
  39 water moccasins
  A boring beetle (Lair:7)
  29 orc warriors
  A boring beetle (shapeshifter) (Depths:1)
  27 centaurs
  5 boggarts
  Sigmund (D:2)
  Duvessa (D:8)
  20 crocodiles
  17 giant frogs
  11 big kobolds
  2 wyvern skeletons
  9 scorpions
  8 troll zombies
  18 wights
  A troll skeleton (Swamp:4)
  2 vampire bats (D:2)
  6 killer bees (D:10)
  A goliath beetle (D:8)
  Dowan (D:8)
  4 crimson imps
  4 electric eels
  2 giant frog zombies
  2 quasits
  A yaktaur simulacrum (Vaults:1)
  10 hounds
  28 orc priests
  7 jellies
  A giant frog skeleton (D:13)
  14 hell rats
  24 orc wizards
  A hound (shapeshifter) (Depths:2)
  14 iguanas
  A boulder beetle simulacrum (Vaults:2)
  28 sheep
  34 worker ants
  2 killer bee zombies
  4 ogre zombies (WizLab)
  A hound skeleton (D:7)
  A mummy (D:10)
  2 worker ant zombies
  16 adders
  67 river rats
  5 shadow imps
  4 white imps
  6 giant mites
  3 worms
  2 ufetubi (D:13)
  2 adder skeletons
  187 orcs
  6 bat skeletons
  3 bat zombies
  4 giant cockroaches
  23 goblins
  25 hobgoblins
  14 jackals
  33 kobolds
  2 ball pythons
  20 bats
  7 giant geckos
  3 giant newts
  2 giant spores
  11 quokkas
  29 rats
  18 ballistomycetes
  A briar patch (Swamp:2)
  2 fungi (D:11)
  A plant (Snake:3)
2013 creatures vanquished.

Vanquished Creatures (collateral kills)
  An ironheart preserver (Vaults:4)
  A vault guard (Vaults:2)
  A great orb of eyes (Vaults:3)
  A yaktaur captain (Vaults:4)
  2 centaur warriors
  3 death yaks (Depths:2)
  4 orc high priests (Orc:4)
  A skeletal warrior (Vaults:2)
  A deep elf knight (Vaults:2)
  2 gelid demonspawn (Orc:4)
  A naga ritualist (Snake:2)
  An ice statue (D:13)
  4 orc knights (Orc:4)
  An ironbrand convoker (Vaults:4)
  A hill giant (D:14)
  A cyclops (Vaults:2)
  3 orc sorcerers (Orc:4)
  2 slime creatures (Swamp:4)
  2 guardian serpents (Snake:5)
  5 ugly things
  A vault sentinel (Vaults:2)
  An elephant (Lair:4)
  2 centaur zombies (D:14)
  A black mamba (Snake:2)
  2 yaktaurs
  3 rust devils (Orc:4)
  An emperor scorpion zombie (Depths:2)
  An elf (shapeshifter) (Vaults:2)
  2 hellwings (Orc:4)
  A komodo dragon (shapeshifter) (D:13)
  A two-headed ogre (Vaults:1)
  A spriggan zombie (Depths:2)
  A shadow (D:14)
  2 yaks (Lair:4)
  4 wraiths (Orc:2)
  A deep elf mage (Vaults:2)
  A naga (Snake:5)
  2 water moccasins (Snake:2)
  A trapdoor spider simulacrum (D:13)
  An ogre (D:13)
  6 orc warriors
  A centaur (Depths:2)
  3 orc priests
  4 orc zombies (Orc:4)
  4 orcs (Orc:2)
86 creatures vanquished.

Vanquished Creatures (others)
  A stone giant (Depths:2)
  A caustic shrike skeleton (Depths:2)
  4 deep trolls
  3 hill giants
  A necromancer (Depths:2)
  A hornet (Swamp:5)
  A spiny frog (Swamp:5)
  2 trolls
  2 humans (Snake:3)
  A swamp worm (Swamp:5)
  3 boggarts (Depths:2)
  2 centaurs (Depths:2)
  3 orcs
  2 giant spores
  7 fungi
  4 plants
38 creatures vanquished.

Grand Total: 2137 creatures vanquished

Notes
Turn   | Place    | Note
--------------------------------------------------------------
     0 | D:1      | mauris, the Vine Stalker Venom Mage, began the quest for the Orb.
     0 | D:1      | Reached XP level 1. HP: 9/9 MP: 3/3
   136 | D:1      | Huge Dmg: 2 dmg
   284 | D:1      | Reached XP level 2. HP: 14/14 MP: 1/5
   421 | D:1      | Found an iron altar of Okawaru.
   810 | D:2      | Found a shattered altar of Ashenzari.
   840 | D:2      | Reached skill level 1 in Fighting
   951 | D:2      | Huge Dmg: 3 dmg
   954 | D:2      | Reached XP level 3. HP: 10/18 MP: 4/7
  1164 | D:2      | Huge Dmg: 9 dmg
  1249 | D:2      | Reached skill level 1 in Armour
  1259 | D:2      | Found an ancient bone altar of Kikubaaqudgha.
  1260 | D:2      | Noticed a vampire bat
  1263 | D:2      | Noticed a vampire bat
  1288 | D:2      | Huge Dmg: 3 dmg
  1293 | D:2      | Killed a vampire bat
  1293 | D:2      | Reached skill level 1 in Polearms
  1293 | D:2      | Reached XP level 4. HP: 12/23 MP: 4/8
  1304 | D:2      | Killed a vampire bat
  1304 | D:2      | Reached XP level 5. HP: 14/26 MP: 6/11
  1436 | D:2      | Noticed Sigmund
  1452 | D:2      | Huge Dmg: 10 dmg
  1453 | D:2      | Huge Dmg: 6 dmg
  1455 | D:2      | Huge Dmg: 4 dmg
  1455 | D:2      | Killed Sigmund
  1812 | D:3      | Gained mutation: You heal very quickly. [vine stalker growth]
  1812 | D:3      | Reached XP level 6. HP: 30/32 MP: 10/12
  2221 | D:3      | Noticed stickyfingers' ghost (average DgAs)
  2235 | D:3      | Huge Dmg: 8 dmg
  2238 | D:3      | Huge Dmg: 4 dmg
  2465 | D:4      | Found a glowing drain.
  2493 | Sewer    | Entered a sewer
  2568 | Sewer    | Reached XP level 7. HP: 36/36 MP: 14/14
  2588 | Sewer    | Found a white marble altar of Elyvilon.
  3012 | D:5      | Entered Level 5 of the Dungeon
  3032 | D:5      | Huge Dmg: 8 dmg
  3036 | D:5      | Huge Dmg: 9 dmg
  3039 | D:5      | Huge Dmg: 6 dmg
  3043 | D:4      | Huge Dmg: 8 dmg
  3106 | D:4      | Huge Dmg: 8 dmg
  3107 | D:4      | Huge Dmg: 10 dmg
  3144 | D:4      | Huge Dmg: 9 dmg
  3165 | D:4      | Huge Dmg: 9 dmg
  3470 | D:4      | Huge Dmg: 11 dmg
  3499 | D:4      | Huge Dmg: 10 dmg
  3504 | D:4      | Gained mutation: You have razor-sharp teeth. [vine stalker growth]
  3504 | D:4      | Reached XP level 8. HP: 32/42 MP: 13/16
  3587 | D:5      | Found a glowing golden altar of the Shining One.
  3887 | D:6      | Found Ceve's General Store.
  3900 | D:6      | Bought a scroll of teleportation for 45 gold pieces
  3900 | D:6      | Bought a scroll of fear for 52 gold pieces
  3986 | D:6      | Found a staircase to the Ecumenical Temple.
  4034 | Temple   | Entered the Ecumenical Temple
  4269 | D:6      | Huge Dmg: 12 dmg
  4279 | D:6      | Huge Dmg: 11 dmg
  4368 | D:6      | Reached skill level 5 in Fighting
  4381 | D:6      | Found a bloodstained altar of Trog.
  4382 | D:6      | Found an opulent altar of Gozag.
  4535 | D:6      | Huge Dmg: 11 dmg
  4622 | D:6      | Reached skill level 5 in Polearms
  4670 | D:7      | Reached skill level 5 in Armour
  4710 | D:7      | Reached XP level 9. HP: 38/47 MP: 18/18
  4766 | D:7      | Noticed Edmund
  4792 | D:7      | Killed Edmund
  4829 | D:7      | Noticed Eustachio
  4848 | D:7      | Killed Eustachio
  4903 | D:6      | Became a worshipper of Trog the Wrathful
  5254 | D:8      | Reached skill level 6 in Fighting
  5331 | D:8      | Huge Dmg: 13 dmg
  5452 | D:8      | Noticed Duvessa
  5458 | D:8      | Noticed Dowan
  5464 | D:8      | Killed Duvessa
  5471 | D:8      | Killed Dowan
  5531 | D:8      | Acquired Trog's first power
  5588 | D:8      | Killed an unseen horror
  5588 | D:8      | Reached XP level 10. HP: 30/53 MP: 18/18
  5686 | D:8      | Reached skill level 7 in Fighting
  6104 | D:6      | Huge Dmg: 27 dmg
  6457 | D:9      | Found a deep blue altar of Sif Muna.
  6590 | D:9      | Found a white marble altar of Elyvilon.
  6610 | D:9      | Acquired Trog's second power
  7251 | D:10     | Entered Level 10 of the Dungeon
  7347 | D:10     | Noticed Erolcha
  7352 | D:10     | Killed Erolcha
  7352 | D:10     | Reached skill level 8 in Fighting
  7360 | D:10     | Huge Dmg: 28 dmg
  7468 | D:10     | Noticed a hill giant
  7477 | D:10     | Killed a hill giant
  7483 | D:10     | Huge Dmg: 23 dmg
  7542 | D:10     | Noticed a hill giant
  7550 | D:10     | Killed a hill giant
  7550 | D:10     | Reached XP level 11. HP: 60/60 MP: 20/20
  7555 | D:10     | Huge Dmg: 24 dmg
  7667 | D:10     | Huge Dmg: 26 dmg
  7691 | D:10     | Noticed a hill giant
  7698 | D:10     | Huge Dmg: 17 dmg
  7700 | D:10     | Huge Dmg: 8 dmg
  7702 | D:10     | Huge Dmg: 7 dmg
  7743 | D:10     | Killed a hill giant
  7743 | D:10     | Reached skill level 9 in Fighting
  7748 | D:10     | Huge Dmg: 23 dmg
  7771 | D:10     | Huge Dmg: 9 dmg
  8207 | D:11     | Noticed Harold
  8214 | D:11     | Killed Harold
  8225 | D:10     | Huge Dmg: 27 dmg
  8283 | D:11     | Noticed Erica
  8292 | D:11     | Killed Erica
  8297 | D:11     | Huge Dmg: 31 dmg
  8402 | D:11     | Huge Dmg: 17 dmg
  8408 | D:11     | Huge Dmg: 15 dmg
  8416 | D:11     | Huge Dmg: 17 dmg
  8467 | D:11     | Noticed puimuR's ghost (powerful DrTm)
  8498 | D:11     | Huge Dmg: 18 dmg
  8499 | D:11     | Huge Dmg: 10 dmg
  8500 | D:11     | Huge Dmg: 8 dmg
  8501 | D:11     | Found a staircase to the Lair.
  8501 | D:11     | Noticed a seven-headed hydra
  8506 | Lair:1   | Entered Level 1 of the Lair of Beasts
  8507 | Lair:1   | Huge Dmg: 12 dmg
  8700 | Lair:1   | Acquired Trog's third power
  8749 | Lair:1   | Noticed Prince Ribbit
  8776 | Lair:1   | Huge Dmg: 10 dmg
  8850 | Lair:1   | Killed Prince Ribbit
  8912 | Lair:1   | Gained mutation: You regenerate. [vine stalker growth]
  8912 | Lair:1   | Reached XP level 12. HP: 53/67 MP: 15/21
  9200 | Lair:1   | Reached skill level 10 in Polearms
  9243 | Lair:1   | Reached skill level 10 in Fighting
  9386 | Lair:1   | Received a gift from Trog
 10259 | Lair:2   | Found a sacrificial altar of Ru.
 10445 | Lair:2   | Received a gift from Trog
 10507 | Lair:2   | Huge Dmg: 11 dmg
 11213 | Lair:2   | Received a gift from Trog
 11471 | Lair:3   | Reached skill level 10 in Armour
 12053 | Lair:3   | Reached skill level 11 in Polearms
 12174 | Lair:3   | Huge Dmg: 14 dmg
 12698 | Lair:4   | Found a staircase to the Snake Pit.
 12744 | Lair:4   | Reached XP level 13. HP: 70/74 MP: 22/22
 12825 | Lair:4   | Noticed a six-headed hydra
 12833 | Lair:4   | Killed a six-headed hydra
 12838 | Lair:4   | Huge Dmg: 32 dmg
 13028 | Lair:4   | Received a gift from Trog
 13029 | Lair:4   | Got a pitted glaive {god gift}
 13030 | Lair:4   | Identified the +11 glaive of Res Nullius {flame, rElec rN+ Stlth+} (Trog gifted it to you on level 4 of the Lair of Beasts)
 13237 | Lair:3   | Huge Dmg: 17 dmg
 13545 | Lair:4   | Huge Dmg: 33 dmg
 13784 | Lair:4   | Huge Dmg: 20 dmg
 13786 | Lair:4   | Huge Dmg: 14 dmg
 14231 | Lair:5   | Received a gift from Trog
 14446 | Lair:5   | Found a staircase to the Swamp.
 14759 | Lair:6   | Reached skill level 12 in Polearms
 14789 | Lair:6   | Huge Dmg: 15 dmg
 14817 | Lair:6   | Huge Dmg: 16 dmg
 15367 | Lair:6   | Found a viscous altar of Jiyva.
 15367 | Lair:6   | Found a staircase to the Slime Pits.
 15687 | Lair:7   | Got a sparkling golden amulet
 15703 | Lair:7   | Identified the amulet "Ymnulauch" {Stasis +Inv rElec Int-3 Dex+3} (You found it on level 7 of the Lair of Beasts)
 15972 | Lair:7   | Received a gift from Trog
 15983 | Lair:7   | Reached XP level 14. HP: 58/80 MP: 17/23
 16163 | Lair:8   | Entered Level 8 of the Lair of Beasts
 16237 | Lair:8   | Found a staircase to the Slime Pits.
 16619 | Lair:8   | Found a blossoming altar of Fedhas.
 17474 | D:11     | Killed a four-headed hydra
 17482 | Lair:1   | Huge Dmg: 34 dmg
 17607 | D:11     | Killed puimuR's ghost
 17786 | D:11     | Received a gift from Trog
 18120 | D:11     | Killed an unseen horror
 18254 | D:12     | Huge Dmg: 18 dmg
 18357 | D:12     | Found a labyrinth entrance.
 18388 | D:12     | Reached skill level 13 in Polearms
 18392 | D:12     | Huge Dmg: 23 dmg
 18442 | D:12     | Got a twisted buckler
 18477 | D:12     | Found a staircase to the Orcish Mines.
 18502 | Orc:1    | Entered Level 1 of the Orcish Mines
 19747 | D:12     | Received a gift from Trog
 19961 | D:13     | You fall through a shaft for 2 floors!
 19961 | D:15     | Entered Level 15 of the Dungeon
 20029 | D:15     | Huge Dmg: 22 dmg
 20030 | D:15     | Huge Dmg: 47 dmg
 20216 | D:15     | Found a staircase to the Depths.
 20403 | D:15     | Reached XP level 15. HP: 75/86 MP: 19/24
 21007 | D:13     | Found a gate to the Vaults.
 21013 | D:13     | Huge Dmg: 25 dmg
 21016 | D:13     | Huge Dmg: 16 dmg
 21021 | D:13     | Huge Dmg: 7 dmg
 21022 | D:13     | Received a gift from Trog
 21233 | D:13     | Huge Dmg: 24 dmg
 21282 | D:13     | Huge Dmg: 22 dmg
 22463 | D:14     | Reached skill level 14 in Polearms
 22522 | D:13     | Received a gift from Trog
 22567 | D:14     | Found a portal to a secret trove of treasure.
 22656 | D:14     | Found a glowing golden altar of the Shining One.
 23004 | Orc:2    | Noticed Josephine
 23008 | Orc:2    | Huge Dmg: 19 dmg
 23015 | Orc:2    | Killed Josephine
 23206 | Orc:2    | Received a gift from Trog
 23477 | Orc:3    | Found a staircase to the Elven Halls.
 23624 | Orc:3    | Huge Dmg: 19 dmg
 23638 | Orc:3    | Huge Dmg: 20 dmg
 23646 | Orc:3    | Huge Dmg: 17 dmg
 23896 | Orc:2    | Found Zieselel's Assorted Antiques.
 23908 | Orc:2    | Bought a scroll of recharging for 247 gold pieces
 23908 | Orc:2    | Bought a potion of curing for 78 gold pieces
 23923 | Orc:2    | Found a roughly hewn altar of Beogh.
 23938 | Orc:2    | Received a gift from Trog
 23956 | Orc:2    | Noticed Snorg
 23965 | Orc:2    | Killed Snorg
 24008 | Orc:4    | Entered Level 4 of the Orcish Mines
 24008 | Orc:4    | Found a radiant altar of Vehumet.
 24155 | Orc:4    | Huge Dmg: 12 dmg
 24590 | Orc:4    | Found Umuta's Food Emporium.
 24591 | Orc:4    | Found Yjo Mius' Magic Scroll Shoppe.
 24688 | Orc:4    | Received a gift from Trog
 24786 | Orc:4    | Noticed Fannar
 24795 | Orc:4    | Killed Fannar
 24908 | Orc:4    | Bought a scroll of teleportation for 39 gold pieces
 24908 | Orc:4    | Bought a scroll of acquirement for 676 gold pieces
 24972 | Orc:4    | Huge Dmg: 16 dmg
 25052 | Orc:4    | Received a gift from Trog
 25067 | Orc:4    | Huge Dmg: 23 dmg
 25067 | Orc:4    | Reached XP level 16. HP: 65/93 MP: 17/24
 25113 | Orc:4    | Found Qaevaege's Book Boutique.
 25113 | Orc:4    | Found Elalet's Antique Armour Shop.
 25113 | Orc:4    | Found a one-way gate leading to the halls of Pandemonium.
 25117 | Orc:4    | Bought a brightly glowing plate armour for 868 gold pieces
 25117 | Orc:4    | Bought a runed cloak for 139 gold pieces
 25156 | Orc:4    | Identified the +7 plate armour of the Four Wonders {rElec Regen+ MP+9 Slay+2, 10} (You bought it in a shop on level 4 of the Orcish Mines)
 25338 | Orc:1    | Found a roughly hewn altar of Beogh.
 25985 | Swamp:1  | Entered Level 1 of the Swamp
 26103 | Swamp:1  | Noticed Urug
 26115 | Swamp:1  | Killed Urug
 26664 | Swamp:2  | Received a gift from Trog
 26875 | Swamp:2  | Noticed Aizul
 26886 | Swamp:2  | Killed Aizul
 26920 | Swamp:2  | Noticed Donald
 26933 | Swamp:2  | Killed Donald
 26955 | Swamp:2  | Noticed a thorn hunter
 26966 | Swamp:2  | Killed a thorn hunter
 27001 | Swamp:2  | You fall through a shaft!
 27135 | Swamp:3  | Reached skill level 15 in Polearms
 27408 | Swamp:3  | Reached skill level 15 in Fighting
 27538 | Swamp:3  | Received a gift from Trog
 27554 | Swamp:3  | Noticed Norris
 27575 | Swamp:3  | Killed Norris
 27585 | Swamp:3  | Huge Dmg: 32 dmg
 27626 | Swamp:3  | Noticed Wiglaf
 27643 | Swamp:3  | Killed Wiglaf
 27657 | Swamp:3  | Huge Dmg: 45 dmg
 27882 | Swamp:2  | Noticed Roxanne
 27936 | Swamp:2  | Noticed Jorgrun
 27937 | Swamp:2  | Huge Dmg: 27 dmg
 27948 | Swamp:2  | Killed Jorgrun
 28495 | Swamp:4  | Huge Dmg: 28 dmg
 28504 | Swamp:4  | Reached XP level 17. HP: 59/99 MP: 25/25
 29072 | Swamp:5  | Entered Level 5 of the Swamp
 29100 | Swamp:4  | Received a gift from Trog
 29154 | Swamp:5  | Noticed Nikola
 29216 | Swamp:5  | Killed Nikola
 30050 | Swamp:5  | Received a gift from Trog
 30054 | Swamp:5  | Got an ancient glaive {god gift}
 30055 | Swamp:5  | Identified the +12 glaive of Psuf Wutt {holy, rN+} (Trog gifted it to you on level 5 of the Swamp)
 30105 | Swamp:5  | Noticed the 27-headed Lernaean hydra
 30138 | Swamp:5  | Huge Dmg: 20 dmg
 30141 | Swamp:5  | Killed the 20-headed Lernaean hydra
 30141 | Swamp:5  | Reached skill level 16 in Polearms
 30141 | Swamp:5  | Reached skill level 15 in Armour
 30257 | Swamp:5  | Got a decaying rune of Zot
 30555 | Snake:1  | Entered Level 1 of the Snake Pit
 30611 | Snake:1  | Noticed Rupert
 30619 | Snake:1  | Killed Rupert
 30700 | Snake:1  | Found a shimmering altar of Xom.
 31077 | Snake:2  | Reached XP level 18. HP: 103/105 MP: 26/26
 31291 | Snake:2  | Received a gift from Trog
 31659 | Snake:3  | Noticed Kirke
 31672 | Snake:2  | Killed Kirke
 32215 | Snake:3  | Noticed Vashnia
 32217 | Snake:3  | Huge Dmg: 22 dmg
 32292 | Snake:4  | Received a gift from Trog
 32404 | Snake:4  | Huge Dmg: 32 dmg
 32406 | Snake:4  | Huge Dmg: 26 dmg
 32416 | Snake:4  | Huge Dmg: 15 dmg
 32599 | Snake:4  | Huge Dmg: 34 dmg
 33239 | Snake:5  | Entered Level 5 of the Snake Pit
 33543 | Snake:5  | Received a gift from Trog
 33543 | Snake:5  | Reached skill level 17 in Polearms
 33752 | Snake:5  | Reached XP level 19. HP: 82/112 MP: 25/26
 33817 | Snake:5  | Huge Dmg: 16 dmg
 33818 | Snake:5  | Huge Dmg: 6 dmg
 33836 | Snake:5  | Huge Dmg: 11 dmg
 33956 | Snake:5  | Received a gift from Trog
 34686 | Snake:5  | Received a gift from Trog
 35005 | Snake:5  | Got a serpentine rune of Zot
 35051 | Snake:5  | Huge Dmg: 13 dmg
 35171 | Snake:3  | Noticed Saint Roka
 35172 | Snake:3  | what the fuck
 35561 | Vaults:1 | Entered Level 1 of the Vaults
 35932 | Vaults:1 | Found a magical portal.
 35944 | WizLab   | Entered Zonguldrok's Shrine
 36217 | WizLab   | Noticed an antique lich
 36223 | WizLab   | Huge Dmg: 52 dmg
 36230 | WizLab   | Killed an antique lich
 36234 | WizLab   | Huge Dmg: 28 dmg
 36300 | WizLab   | Gained mutation: You can breathe flames. [potion of mutation]
 36300 | WizLab   | Gained mutation: You can breathe fire. [potion of mutation]
 36624 | Vaults:1 | Reached XP level 20. HP: 119/119 MP: 27/27
 36659 | Vaults:1 | Reached skill level 18 in Polearms
 36747 | Vaults:1 | Received a gift from Trog
 37752 | Vaults:2 | Received a gift from Trog
 37773 | Vaults:2 | Noticed Sojobo
 37797 | Vaults:2 | Huge Dmg: 29 dmg
 37804 | Vaults:2 | Killed Sojobo
 37936 | Vaults:2 | Found Wuuckina's Armour Boutique.
 38208 | Vaults:2 | Noticed a bone dragon
 38222 | Vaults:2 | Killed a bone dragon
 38224 | Vaults:2 | Found a staircase to the Crypt.
 38690 | Vaults:3 | Received a gift from Trog
 38870 | Vaults:3 | Huge Dmg: 41 dmg
 39159 | Vaults:3 | Found Thriank Twesm's Book Shop.
 39863 | Vaults:3 | Reached XP level 21. HP: 96/124 MP: 28/28
 39994 | Vaults:3 | Huge Dmg: 25 dmg
 40421 | Vaults:4 | Received a gift from Trog
 40592 | Vaults:4 | Reached skill level 19 in Polearms
 40696 | Vaults:4 | Received a gift from Trog
 41434 | Depths:1 | Entered Level 1 of the Depths
 41434 | Depths:1 | Noticed Mara
 41438 | Depths:1 | Huge Dmg: 30 dmg
 41440 | Depths:1 | Noticed mauris' illusion
 41458 | Depths:1 | Huge Dmg: 55 dmg
 41466 | D:15     | Noticed mauris' illusion
 41468 | D:15     | Killed Mara
 41473 | D:15     | Huge Dmg: 31 dmg
 41533 | D:15     | Huge Dmg: 29 dmg
 41549 | Depths:1 | Received a gift from Trog
 41571 | Depths:1 | Huge Dmg: 34 dmg
 41587 | Depths:1 | Huge Dmg: 24 dmg
 41646 | Depths:1 | Found a one-way gate to the infinite horrors of the Abyss.
 41745 | Depths:1 | Found a gateway to Hell.
 41868 | Depths:1 | Huge Dmg: 26 dmg
 41986 | Depths:1 | Huge Dmg: 23 dmg
 42450 | Depths:1 | Noticed a caustic shrike
 42459 | Depths:1 | Killed a caustic shrike
 42475 | Depths:1 | Huge Dmg: 56 dmg
 42780 | Depths:2 | Huge Dmg: 29 dmg
 42788 | Depths:2 | Received a gift from Trog
 42806 | Depths:2 | Reached XP level 22. HP: 117/131 MP: 28/28
 42874 | Depths:2 | Noticed Agnes
 42877 | Depths:2 | Killed Agnes
 42971 | Depths:2 | Huge Dmg: 21 dmg
 43198 | Depths:2 | Noticed a golden dragon
 43208 | Depths:2 | Killed a golden dragon
 43266 | Depths:2 | Huge Dmg: 40 dmg
 43291 | Depths:2 | Huge Dmg: 20 dmg
 43294 | Depths:2 | Huge Dmg: 18 dmg
 43300 | Depths:2 | Huge Dmg: 21 dmg
 43303 | Depths:2 | Huge Dmg: 15 dmg
 43446 | Depths:2 | Huge Dmg: 41 dmg
 43655 | Depths:2 | Received a gift from Trog
 43655 | Depths:2 | Reached skill level 20 in Polearms
 43920 | Depths:2 | Huge Dmg: 17 dmg
 43932 | Depths:2 | Huge Dmg: 12 dmg
 43933 | Depths:2 | Huge Dmg: 8 dmg
 43937 | Depths:2 | Huge Dmg: 4 dmg
 43937 | Depths:2 | HP: 9/199 [poisoned by a spriggan rider]
 43939 | Depths:2 | Huge Dmg: 3 dmg
 43939 | Depths:2 | HP: 4/199 [poisoned by a spriggan rider]
 43940 | Depths:2 | Huge Dmg: 2 dmg
 43941 | Depths:2 | Huge Dmg: 2 dmg
 43941 | Depths:2 | Succumbed to a spriggan rider's poison

Action                   |  1- 3 |  4- 6 |  7- 9 | 10-12 | 13-15 | 16-18 | 19-21 | 22-24 || total
-------------------------+-------+-------+-------+-------+-------+-------+-------+-------++-------
Melee: Unarmed           |     5 |       |       |       |       |       |       |       ||     5
       Spear             |    45 |   179 |   468 |  1470 |    87 |       |       |       ||  2249
       Glaive            |       |       |       |       |  1351 |  1393 |  1523 |   340 ||  4607
 Cast: Sting             |    22 |    19 |     4 |       |       |       |       |       ||    45
Invok: Berserk           |       |       |       |     9 |     4 |     3 |     4 |     2 ||    22
       Trog's Hand       |       |       |       |     1 |     3 |     2 |     1 |     1 ||     8
       Burn Spellbooks   |       |       |       |       |     2 |     1 |       |       ||     3
       Brothers in Arms  |       |       |       |       |    11 |     3 |    10 |     3 ||    27
 Abil: Breathe Fire      |       |       |       |       |       |       |     4 |       ||     4
Evoke: Wand              |       |       |       |       |     3 |     2 |     1 |       ||     6
  Use: Scroll            |       |     7 |     1 |    13 |    13 |    15 |     4 |     4 ||    57
       Potion            |       |       |       |       |       |     1 |     3 |     1 ||     5
 Stab: Sleeping          |     2 |     8 |     2 |       |       |       |       |       ||    12
       Distracted        |       |       |       |       |       |       |     2 |       ||     2
       Fleeing           |       |       |       |       |       |       |       |     1 ||     1
  Eat: Chunk             |     1 |     5 |    10 |    24 |    34 |    24 |    26 |     2 ||   126
       Beef jerky        |       |       |     1 |       |       |     2 |     2 |     1 ||     6
       Royal jelly       |       |       |       |     2 |     1 |     2 |     2 |     1 ||     8
       Meat ration       |       |       |       |     1 |     1 |       |       |       ||     2
       Fruit             |       |       |       |     1 |       |     1 |       |       ||     2
       Pizza             |       |       |       |       |     4 |     2 |       |       ||     6
       Bread ration      |       |       |       |       |       |       |     1 |       ||     1

Vault maps used:
D:1:      eino_arrival_cavern_b, okawaru_ov_weapons_minmay
D:2:      kennysheep_vampire_church, ashenzari_altar_1, uniq_sigmund
D:3:      tgw_xom, eino_tiny_chamber
D:4:      portal_sewer_entry_f, corner_web_ring
D:5:      tso_metal_star, first_bread
D:6:      nicolae_overflow_hidden_temple, temple_hall, serial_shops, shop
D:7:      uniq_eustachio, uniq_edmund
D:8:      uniq_duvessa
D:9:      lemuel_flame_loot_2, elyvilon_altar_4, old_standard_altar,
          grunt_pizzeria, spider_trap
D:10:     serial_bayou_pond_c, uniq_erolcha
D:11:     old_forge, lair_0_dummy, uniq_erica, uniq_harold
D:12:     minmay_orc_entry_guard_dogs, lab_entry_generic,
          kennysheep_generic_room_16
D:13:     david_vaults_2, serial_ice, serial_ice_j, serial_ice_e, serial_ice_d,
          serial_ice_m, serial_ice_g, serial_ice_b, serial_ice_h,
          portal_ice_cave_entry_ice_statue_01, minmay_item_behind_shaft
D:14:     hangedman_opposites_gauntlet, basic_altar,
          nicolae_trove_entry_path_of_doom, grunt_decor_one_mirror,
          kennysheep_generic_room_14
D:15:     grunt_enter_depths_hoard, corexii_corridor_pit, spider_trap
Temple:   dpeg_five_rooms_temple_12
Lair:1:   eino_small_chamber_without_monster, minivault_26, zaba_antful_of_joy,
          serial_bayou_shore_a, uniq_prince_ribbit2
Lair:2:   lemuel_ratsnest, basic_altar, beast_lair_carwin_1
Lair:3:   bh_autumn_forest_stairs, lemuel_fruit_fields
Lair:4:   minmay_snake_entry_guardpost_small, serial_bayou_shore_b,
          infiniplex_staircase_pool
Lair:5:   swamp_mist
Lair:6:   dpeg_slime_entry_enclosed_altar, serial_bayou_shore_b,
          serial_bayou_shore_b, serial_bayou_shore_b
Lair:8:   wormcave, minmay_slime_entry_pillars, tgw_fedhas
Swamp:1:  evilmike_swamp_ruin_house_5, infiniplex_staircase_pool_2, uniq_urug
Swamp:2:  serial_swamp_ruin, evilmike_swamp_ruin_house_1,
          hangedman_swamp_ruin_hall, evilmike_swamp_ruin_house_4, uniq_donald,
          uniq_jorgrun, uniq_aizul, uniq_roxanne
Swamp:3:  evilmike_swamp_ruin_house_2, uniq_wiglaf, uniq_norris
Swamp:4:  nicolae_swamp_stair_fork, swamp_pool5, roderic_ravens_nest,
          cheibrodos_swamp_minitomb
Swamp:5:  swamp_old_school, swamp_pool2, nicolae_swamp_alligator_family,
          uniq_nikola
Snake:1:  basic_altar, guppyfry_snake_island, lemuel_fruit_tree, uniq_rupert
Snake:2:  grunt_ministairs_8, grunt_megastairs_3
Snake:3:  serial_bayou_lagoon_a, st_stairs_5, nicolae_snake_salamander_stairs,
          uniq_vashnia, uniq_kirke, uniq_saint_roka
Snake:4:  st_stairs_4, basic_stair_grate_trap
Snake:5:  grunt_snake_rune_pools, serial_bayou_shore_b
Orc:1:    basic_altar, nicolae_orc_lava_tube
Orc:2:    serial_shops, nicolae_shop_temple_entry_statues_fountains,
          mines2_david, uniq_snorg, uniq_josephine
Orc:3:    serial_shops, nicolae_shop_window_shopping, nicolae_orc_pool_cavern
Orc:4:    pf_orc_diabolical, basic_altar, uniq_fannar
Vaults:1: hangedman_vaults_corner_blocks, v_misc_28, grunt_vaults_hallway_long,
          nicolae_vaults_shelves_hall, nicolae_vaults_yaktaur_gun_rack,
          ontoclasm_vaults_chip, vaults_room_stairs_pillars, vaults_dpeg_hooks,
          infiniplex_enter_wizlab_glasses
Vaults:2: vaults_mumra_lcd, hangedman_vaults_pinch, hangedman_vaults_cutoff,
          vaults_room_pool, hangedman_vaults_nails, v_misc_32, v_misc_33,
          hangedman_vaults_capsules, minmay_crypt_entry_nasty_monster,
          nicolae_vaults_little_squares_5, vaults_room_guarded_vault,
          nicolae_vaults_hallways_thing, vaults_dpeg_encased_lava, serial_shops,
          shop, uniq_sojobo
Vaults:3: nicolae_vaults_triangles, vaults_standard_mumra_lines,
          nicolae_vaults_quadrants, ontoclasm_vaults_chip,
          hangedman_vaults_stretched_pinwheel, nicolae_vaults_mini_display_case,
          v_alt_pattern_2, vaults_room_pools, serial_shops, shop
Vaults:4: ontoclasm_vaults_gallery, v_pattern_5, v_misc_13,
          hangedman_vaults_corner, v_misc_33, hangedman_vaults_nails,
          nicolae_vaults_three_branches, vaults_mumra_hexcomb, v_misc_17
Depths:1: bh_walls_and_bars, pf_vacation_house_of_asmodeus, abyss_entry,
          serial_sigils_hangedman_quiver, minmay_misc_feat_hallway,
          kennysheep_crisscross, minmay_misc_feat_five,
          hangedman_abyss_or_decor_passed, kennysheep_nub,
          serial_sigils_hangedman_gut, serial_sigils_hangedman_stare,
          wad_scary_box, uniq_mara
Depths:2: grunt_runaround, hell_entry, uniq_agnes
Sewer:    sewer_kobolds
WizLab:   wizlab_zonguldrok
